 Dungeon Crawl Stone Soup version 0.21-a0-509-gecc5317 (webtiles) character file.

10 Gerstahl the Slasher (level 2, -1/27 HPs)
             Began as a Naga Gladiator on Dec 1, 2017.
             Slain by a kobold (2 damage)
             ... on level 1 of the Dungeon.
             The game lasted 00:00:51 (489 turns).

Gerstahl the Slasher (Naga Gladiator)                Turns: 489, Time: 00:00:52

Health: -1/27      AC:  3    Str: 16    XL:     2   Next: 20%
Magic:  2/2        EV: 10    Int:  8    God:
Gold:   8          SH:  0    Dex: 12    Spells: 1/1 levels left

rFire    . . .     SeeInvis +   a - +0 long sword
rCold    . . .     Gourm    .   (no shield)
rNeg     . . .     Faith    .   b - +0 leather armour
rPois    +         Spirit   .   c - +0 helmet
rElec    .         Reflect  .   (no cloak)
rCorr    .         Harm     .   (no gloves)
MR       .....                  (no barding)
Stlth    +.........             (no amulet)
HPRegen  0.09/turn              (no ring)
MPRegen  0.08/turn              (no ring)

@: short of breath, very slow
A: large, see invisible, deformed body, poison resistance, slowness 2, slow
metabolism 1, spit poison 1, AC +0
a: Spit Poison


You were on level 1 of the Dungeon.
You were not hungry.

You visited 1 branch of the dungeon, and saw 1 of its levels.

You collected 8 gold pieces.

Inventory:

Hand Weapons
 a - a +0 long sword (weapon)
Missiles
 d - 3 throwing nets (quivered)
Armour
 b - a +0 leather armour (worn)
 c - a +0 helmet (worn)
Jewellery
 e - a +4 amulet of reflection {unknown}
Comestibles
 f - a bread ration


   Skills:
 + Level 2.4 Fighting
 + Level 3.3 Long Blades
 - Level 1.7 Throwing
 - Level 2.4 Dodging


You had one spell level left.
You didn't know any spells.

Dungeon Overview and Level Annotations

Branches:
Dungeon (1/15)

Altars:


Innate Abilities, Weirdness & Mutations

You cannot wear boots.
Your serpentine skin is tough. (AC +0)
You have supernaturally acute eyesight. (SInv)
Armour fits poorly on your strangely shaped body.
Your system is resistant to poisons. (rPois)
You cover ground very slowly.
You have a slow metabolism.
You can spit poison.


Message History

You completely miss the kobold. The bat hits you but does no damage.
The bat closely misses you.
You riposte.
You barely miss the bat. The kobold hits you.
* * * LOW HITPOINT WARNING * * *
You barely miss the kobold. The bat barely misses you.
You riposte.
You closely miss the bat. The kobold misses you. The kobold closely misses you.
You barely miss the kobold. The bat hits you but does no damage.
The kobold misses you. The bat hits you but does no damage.
The kobold hits you.
* * * LOW HITPOINT WARNING * * *
You barely miss the kobold. The bat hits you but does no damage.
The kobold hits you.
* * * LOW HITPOINT WARNING * * *
Press: ? - help, Shift-Dir - straight line, f - kobold
Aim: a kobold The splash of poison misses the kobold.
You feel slightly more hungry. The bat hits you but does no damage.
The kobold closely misses you.
You completely miss the kobold. The bat hits you but does no damage.
The kobold hits you.
You die...

...# ##..# #..# #..#
#..# #g.# #..#
##########..## .#
#...@†b......#####.#
#####K.†...†.......##
#.###............
#.##......##.....
#.#..............
#.#..............
##................
####..#..............
#.....#..............


You could see a bat and a kobold.

Vanquished Creatures
  A dart slug (D:1)
  A hobgoblin (D:1)
  3 jackals (D:1)
  A bat (D:1)
  A kobold (D:1)
  A rat (D:1)
8 creatures vanquished.

Notes
Turn   | Place    | Note
-------+----------+-------------------------------------------
     0 | D:1      | Gerstahl the Naga Gladiator began the quest for the Orb.
     0 | D:1      | Reached XP level 1. HP: 19/19 MP: 1/1
   473 | D:1      | Reached XP level 2. HP: 16/27 MP: 2/2
   487 | D:1      | HP: 1/27 [kobold (1)]
   489 | D:1      | Slain by a kobold

Vault maps used:
D:1:      dpeg_arrival_tiny_h

Action                   || total
-------------------------++-------
Melee: Long sword        ||    20
 Abil: Spit Poison       ||     3
Armor: Leather armour    ||    21
Dodge: Dodged            ||    29
       Rpst.: Long sword ||     9

Table legend:
 A = Spawn XP
 B = Non-spawn XP
 C = Spawn XP percentage of total XP
 D = Spawn monster count
 E = Non-spawn monster count
 F = Spawn count percentage of total count
 G = Total turns spent on level
                    A         B        C        D         E        F      G
               +---------+---------+-------+---------+---------+-------+---------
         Total |       0 |      15 |   0.0 |       0 |       8 |   0.0 |   489
               +---------+---------+-------+---------+---------+-------+---------
           D:1 |       0 |      15 |   0.0 |       0 |       8 |   0.0 |   489
               +---------+---------+-------+---------+---------+-------+---------
